[Event "*** SCC Grand Prix: Titled Tuesday Blitz"]
[Site "Chess.com"]
[Date "2020.10.13"]
[Round "4"]
[White "pavelalexandru07"]
[Black "akanga001"]
[Result "1-0"]
[WhiteElo "2232"]
[BlackElo "1837"]
[TimeControl "180+1"]
[EndTime "10:39:15 PDT"]
[Termination "pavelalexandru07 won by checkmate"]

1. e4 c6 2. d4 d5 3. e5 e6 4. Nf3 c5 5. Be3 Qb6 6. b3 Bd7 7. c3 Nc6 8. Be2 cxd4 9. cxd4 Rc8 10. O-O Nb4 11. Nbd2 Nc2 12. Rc1 Nxe3 13. fxe3 Ba3 14.
Rxc8+ Bxc8 15. Qc2 Ne7 16. Ng5 Nf5 17. Qxc8+ Qd8 18.
Qxd8+ Kxd8 19. Nxf7+ Ke7 20. Nxh8 Nh6 21. Bh5 g6 22.
Bxg6 hxg6 23. Nxg6+ Kd7 24. Nf8+ Bxf8 25. Rxf8 Ke7 26.
Rf6 Ng8 27. Rf4 Nh6 28. g4 b5 29. h4 a5 30. Kg2 a4 31. Kg3 axb3 32. axb3 b4 33. h5 Nf7 34. Kh4 Kf8 35. g5 Kg7 36. g6 Nh6 37. Kg5 Ng8 38. Rf7+ Kh8 39. Rh7# 1-0

[Event "*** SCC Grand Prix: Titled Tuesday Blitz"]
[Site "Chess.com"]
[Date "2020.10.13"]
[Round "4"]
[White "Fischerev7"]
[Black "Kapibara_Warri0r"]
[Result "1-0"]
[WhiteElo "2247"]
[BlackElo "2078"]
[TimeControl "180+1"]
[EndTime "10:39:16 PDT"]
[Termination "Fischerev7 won by resignation"]

1. e4 c5 2. Nf3 e6 3. d4 cxd4 4. Nxd4 Nf6 5. Nc3 Nc6 6. a3 Be7 7. Be3 O-O 8. Be2 d5 9. exd5 Nxd5 10. Nxd5 exd5 11. O-O Bf6 12. c3 Be6 13. Bf3 Rc8 14.
Re1 Qd7 15. Nxc6 bxc6 16. Bc5 Be7 17. Qd4 a6 18. b4 Bf6 19. Qd3 Rfe8 20. Rac1 Bf5 21.
Qxa6 Rxe1+ 22. Rxe1 Bxc3 23. Re7 Qd8 24. Qb7 Be6 25.
Bb6 Qf8 26. h3 Bf6 27. Rc7 Rxc7 28. Qxc7 Qe8 29. a4 Bd7 30. g3 d4 31. Kg2 Qe6 32. Bg4 Qd5+ 33. Bf3 Qe6 34. Qb8+ Bc8 35. Bg4 Qe4+ 36. Kh2 h6 37. Qxc8+ Kh7 38. Bf5+ 1-0

[Event "*** SCC Grand Prix: Titled Tuesday Blitz"]
[Site "Chess.com"]
[Date "2020.10.13"]
[Round "4"]
[White "simplerXiao"]
[Black "MariaFominykh"]
[Result "0-1"]
[WhiteElo "2413"]
[BlackElo "2316"]
[TimeControl "180+1"]
[EndTime "10:39:17 PDT"]
[Termination "MariaFominykh won by checkmate"]

1. Nf3 Nf6 2. g3 g6 3. Bg2 Bg7 4. O-O O-O 5. d4 d6 6. Nc3 Nbd7 7. e4 e5 8. h3 c6 9. a4 Re8 10. Re1 Qc7 11. a5 Rb8 12. Bd2 b5 13. dxe5 dxe5 14.
Be3 b4 15. Na4 Nxe4 16. Nxe5 Nxe5 17. Bxe4 Bxh3 18. Bf4 Qxa5 19. Kh2 Bg4 20. Qd6 Bf8 21. Qf6 Nf3+ 22. Bxf3 Bxf3 23. Bxb8 Qh5+ 24. Qh4 Qxh4+ 25. gxh4 Rxb8 26. Kg3 Bd5 27. b3 Bd6+ 28. f4 h6 29. Kg4 Be6+ 30. Kf3 Bd5+ 31. Kg4 f5+ 32. Kh3 Bxf4 33.
Re7 a5 34. Nc5 Bd6 35. Rb7 Re8 36. h5 Re3+ 37. Kh4 g5# 0-1

[Event "*** SCC Grand Prix: Titled Tuesday Blitz"]
[Site "Chess.com"]
[Date "2020.10.13"]
[Round "4"]
[White "Denis_Makhnyov"]
[Black "vlad_Sid"]
[Result "1-0"]
[WhiteElo "2886"]
[BlackElo "2582"]
[TimeControl "180+1"]
[EndTime "10:39:18 PDT"]
[Termination "Denis_Makhnyov won by checkmate"]

1. d4 d6 2. e4 g6 3. Nf3 Bg7 4. c3 a6 5. Bd3 e6 6. a4 b6 7. Na3 Ne7 8. Qe2 Bb7 9. Nc2 h6 10.
O-O Nd7 11. Re1 O-O 12. b4 e5 13. Bb2 Kh7 14. a5 exd4 15. cxd4 b5 16. Rad1 c5 17. bxc5 dxc5 18. e5 Nd5 19. dxc5 Nxc5 20. Be4 Nxe4 21. Qxe4 Qc7 22. Rc1 Qxa5 23. Ncd4 Qb4 24. Ba1 Rab8 25.
Qh4 Rbc8 26. Rb1 Qa5 27. e6 fxe6 28. Nxe6 Bxa1 29. Nfg5+ Kg8 30. Qxh6 Rf7 31. Rxa1 Qc3 32. Nxf7 Kxf7 33. Ng5+ Kg8 34. Qh7+ Kf8 35. Qf7# 1-0

[Event "*** SCC Grand Prix: Titled Tuesday Blitz"]
[Site "Chess.com"]
[Date "2020.10.13"]
[Round "4"]
[White "Chessdude1987"]
[Black "Ural_bogatyr"]
[Result "1-0"]
[WhiteElo "2266"]
[BlackElo "2400"]
[TimeControl "180+1"]
[EndTime "10:39:18 PDT"]
[Termination "Chessdude1987 won on time"]

1. e4 e5 2. f4 d5 3. exd5 exf4 4.
Nf3 Nf6 5. Bb5+ c6 6. dxc6 bxc6 7. Bc4 Bg4 8. Bxf7+ Kxf7 9. Ne5+ Kg8 10. Nxg4 Qe8+ 11. Kf1 Nbd7 12. d4 Bd6 13. Nc3 Qg6 14. Nxf6+ Nxf6 15. Qd3 Qf7 16. Bd2 g5 17. Re1 Kg7 18. Ke2 Qh5+ 19.
Qf3 g4 20. Qxc6 f3+ 21. gxf3 gxf3+ 22. Kd3 Rad8 23. Rhg1+ Kf8 24. Ne4 Qf5 25. Bh6+ Ke7 26. Rg7+ Ke6 27. Kd2 Nxe4+ 28. Rxe4+ Kf6 29. Rf4 Qxf4+ 30. Bxf4 Kxg7 31. Bxd6 f2 32. Be5+ Kf7 33. Qf3+ Ke8 34.
Bxh8 Rxd4+ 35. Bxd4 1-0

[Event "*** SCC Grand Prix: Titled Tuesday Blitz"]
[Site "Chess.com"]
[Date "2020.10.13"]
[Round "4"]
[White "dretch"]
[Black "GianmarcoVaR"]
[Result "0-1"]
[WhiteElo "2837"]
[BlackElo "2606"]
[TimeControl "180+1"]
[EndTime "10:39:19 PDT"]
[Termination "GianmarcoVaR won by checkmate"]

1. d4 Nf6 2. c4 e6 3. Nc3 Bb4 4. Qc2 d6 5. Nf3 O-O 6. Bd2 b6 7. e4 Bb7 8. Bd3 e5 9. O-O Nc6 10. a3 exd4 11. Nd5 Bxd2 12. Qxd2 Re8 13. Rfe1 a5 14.
Rac1 a4 15. Bb1 Nd7 16. Nxd4 Nxd4 17. Qxd4 Bxd5 18. cxd5 Nc5 19. Rc3 Qf6 20. Qxf6 gxf6 21. Kf1 Re5 22. Rg3+ Rg5 23. Ree3 Ra5 24. e5 dxe5 25.
Rxg5+ fxg5 26. Rxe5 h6 27. Re7 Rb5 28. Rxc7 Rxb2 29.
Bf5 Rd2 30. Rc8+ Kg7 31. Rd8 Kf6 32. g4 Ke5 33. Re8+ Kf4 34. Rf8 Kf3 35. Rxf7 Rd1# 0-1

[Event "*** SCC Grand Prix: Titled Tuesday Blitz"]
[Site "Chess.com"]
[Date "2020.10.13"]
[Round "4"]
[White "tsvet2005"]
[Black "wonderfultime"]
[Result "0-1"]
[WhiteElo "2700"]
[BlackElo "2923"]
[TimeControl "180+1"]
[EndTime "10:39:19 PDT"]
[Termination "wonderfultime won by resignation"]

1. d4 d5 2. c4 c6 3. Nf3 Nf6 4. g3 Bf5 5. Nc3 e6 6. Nh4 Be4 7. f3 Bg6 8. Qb3 Qc8 9. e4 dxe4 10. Nxg6 hxg6 11. fxe4 e5 12. dxe5 Ng4 13. Bf4 Nd7 14.
e6 fxe6 15. Be2 Nge5 16. O-O-O Be7 17. h4 Bf6 18. g4 Qc7 19. Kb1 Qb6 20. Qxb6 axb6 21.
g5 Be7 22. h5 gxh5 23. Bxh5+ g6 24. Be2 O-O-O 25. Na4 Bc5 26. a3 Rxh1 27. Rxh1 Rf8 28. Bg3 Bf2 29. Bxe5 Nxe5 30. Rf1 Kc7 31. Nc3 Bc5 32. b4 Rxf1+ 33. Bxf1 Be3 34. Bh3 Kd6 35. Kc2 Bxg5 36. Kb3 Be3 37. Nd1 Bd4 38. Kc2 g5 39. Bf1 g4 40. a4 g3 41. a5 bxa5 42. bxa5 Nf3 43. Kd3 Bc5 44. Nc3 g2 45. Bxg2 Ne1+ 46. Ke2 Nxg2 47. Na4 Bd4 48. Kd3 e5 49. c5+ Bxc5 50.
Kc4 Bd4 51. a6 b5+ 0-1

[Event "*** SCC Grand Prix: Titled Tuesday Blitz"]
[Site "Chess.com"]
[Date "2020.10.13"]
[Round "4"]
[White "Aleksey_Sorokin"]
[Black "Beltsychess"]
[Result "1-0"]
[WhiteElo "2827"]
[BlackElo "2633"]
[TimeControl "180+1"]
[EndTime "10:39:20 PDT"]
[Termination "Aleksey_Sorokin won by resignation"]

1. d4 f5 2. Nf3 Nf6 3. g3 g6 4. Bg2 Bg7 5. O-O O-O 6. b3 Ne4 7. Bb2 c5 8. Nbd2 Nc6 9. e3 d5 10. c3 e5 11. Nxe5 Nxe5 12. dxe5 Bxe5 13. Qc2 Be6 14.
c4 Bxb2 15. Qxb2 Nxd2 16. Qxd2 dxc4 17. Qc3 cxb3 18. axb3 Qb6 19. Rfb1 a5 20. Bf1 Qb4 21. Rc1 Qxc3 22. Rxc3 b6 23. Bc4 Kf7 24. Kf1 Rad8 25. Ke2 Rd6 26. Bd3 Rfd8 27. Ra4 Kf6 28. h4 h6 29. Ra1 R6d7 30. Ra4 Bd5 31. Rf4 Ke5 32.
h5 Be4 33. Bxe4 fxe4 34. hxg6 Rd1 35. Rc2 R1d6 36. g7 Rg8 37. Rc4 Rxg7 38. Rcxe4+ Kd5 39. Re8 Kc6 40. e4 Rgd7 41. e5 Rd2+ 42. Kf1 Rd1+ 43. Kg2 Re1 44. Rf6+ Kb5 45. Rb8 Kb4 46. Rbxb6+ Kc3 47. e6 Rdd1 48. Rf4 Rh1 49. Rc4+ Kb2 50. Rxc5 1-0

[Event "*** SCC Grand Prix: Titled Tuesday Blitz"]
[Site "Chess.com"]
[Date "2020.10.13"]
[Round "4"]
[White "ExtremeLearner"]
[Black "Mbneu"]
[Result "1-0"]
[WhiteElo "2412"]
[BlackElo "2250"]
[TimeControl "180+1"]
[EndTime "10:39:20 PDT"]
[Termination "ExtremeLearner won by resignation"]

1. d4 Nf6 2. Nf3 c5 3. d5 e6 4. dxe6 fxe6 5. c4 d5 6. e3 Nc6 7. cxd5 exd5 8. Nc3 d4 9. exd4 cxd4 10. Nb5 Bb4+ 11.
Bd2 Qe7+ 12. Qe2 Bxd2+ 13. Nxd2 O-O 14. Qxe7 Nxe7 15. Bc4+ Kh8 16. Nxd4 Nf5 17. Nxf5 Bxf5 18. O-O Rac8 19. b3 a6 20. a4 Rc5 21. a5 Rd8 22.
Nf3 Be4 23. Rfd1 Rxd1+ 24. Rxd1 h6 25. Nd2 Bc6 26. b4 Rg5 27. f3 Nh5 28. Kf2 Nf4 29. Bf1 Rd5 30. g3 Ba4 31. Bc4 Rd8 32. Rc1 Rxd2+ 33. Ke3 Rxh2 34. Kxf4 Bc6 35. Rd1 Rf2 36. Rd8+ Kh7 37. Bg8+ Kg6 38. Rd6+ Kh5 39. Bf7+ 1-0

[Event "*** SCC Grand Prix: Titled Tuesday Blitz"]
[Site "Chess.com"]
[Date "2020.10.13"]
[Round "4"]
[White "realmadridtv"]
[Black "MisiekZielony"]
[Result "1-0"]
[WhiteElo "2412"]
[BlackElo "2237"]
[TimeControl "180+1"]
[EndTime "10:39:22 PDT"]
[Termination "realmadridtv won on time"]

1. e4 Nf6 2. Nc3 d5 3. e5 Ne4 4. Nce2 Nc5 5. d4 Ne6 6. f4 g6 7. Nf3 Ng7 8. Be3 Bg4 9. Ng3 e6 10. c4 Bb4+ 11. Kf2 Be7 12. Qb3 Bxf3 13. Kxf3 b6 14. cxd5 exd5 15. Bb5+ c6 16. Bd3 O-O 17. f5 f6 18. Ke2 c5 19. dxc5 bxc5 20. exf6 Rxf6 21.
fxg6 c4 22. Bxc4 dxc4 23. Qxc4+ Kh8 24. Rad1 Qa5 25. gxh7 Nc6 26. Rd5 Qc7 27. Ne4 Re6 28.
Rc1 Qxh2 29. Kf1 Rf8+ 30. Bf2 Ne5 31. Rxe5 Rxe5 32. Ke2 Qh5+ 33. Kd3 Qg4 34. Re1 Qxg2 35. Re3 Rd8+ 36. Kc3 Red5 37. a3 Ne6 38. Kb3 Rb8+ 39. Ka2 Rdb5 40. Re2 Qg7 41. Nc3 Bf6 42. Nxb5 1-0

[Event "*** SCC Grand Prix: Titled Tuesday Blitz"]
[Site "Chess.com"]
[Date "2020.10.13"]
[Round "4"]
[White "Matols"]
[Black "diamonds13"]
[Result "0-1"]
[WhiteElo "2250"]
[BlackElo "2414"]
[TimeControl "180+1"]
[EndTime "10:39:23 PDT"]
[Termination "diamonds13 won on time"]

1. d4 Nf6 2. c4 e6 3. g3 d5 4.
Nf3 Bb4+ 5. Bd2 Be7 6. Bg2 c6 7. O-O b6 8. Qc2 Ba6 9. b3 O-O 10. Bf4 Ne4 11. Nbd2 f5 12. Be5 Nd7 13. Rfd1 Rc8 14.
e3 Bb7 15. Rac1 Bf6 16. Qb2 g5 17. Bxf6 Ndxf6 18. Ne5 g4 19. Nxe4 fxe4 20. Qe2 h5 21. h3 Rc7 22. hxg4 hxg4 23. Nxg4 Rh7 24. Ne5 Qe8 25. cxd5 exd5 26. Rc2 Kg7 27. Rdc1 c5 28. f4 exf3 29. Bxf3 Rfh8 30. Qg2 Ne4 31. Bxe4 dxe4 32. Rf2 Bd5 33. Rcf1 Qh5 34. Rf4 Qh1+ 35. Qxh1 Rxh1+ 36. Kf2 R8h2+ 37. Ke1 Rxf1+ 38. Kxf1 Rxa2 39. Rg4+ Kf6 40. Rf4+ Ke6 41. g4 cxd4 42. exd4 e3 43. g5 e2+ 44.
Ke1 Bxb3 45. g6 Bc2 46. g7 Bh7 47. Rf8 Kd5 48. Nf3 Ke4 49. Ng5+ Kd3 50. Re8 Ra1+ 51.
Kf2 Rf1+ 52. Kg2 e1=Q 53. Rxe1 Rxe1 54. Nxh7 Re2+ 0-1

[Event "*** SCC Grand Prix: Titled Tuesday Blitz"]
[Site "Chess.com"]
[Date "2020.10.13"]
[Round "4"]
[White "SophieNikoladze"]
[Black "Sesleria"]
[Result "1-0"]
[WhiteElo "2246"]
[BlackElo "2026"]
[TimeControl "180+1"]
[EndTime "10:39:23 PDT"]
[Termination "SophieNikoladze won by resignation"]

1. d4 Nf6 2. Nf3 e6 3. e3 b6 4. Bd3 Bb7 5. c4 c5 6. Nc3 Be7 7. O-O O-O 8. b3 cxd4 9. exd4 d5 10. Bb2 Nc6 11. cxd5 Nxd5 12. Nxd5 Qxd5 13. Qe2 Rfd8 14. Bc4 Qh5 15. Rfe1 Bf6 16. Rad1 Nb4 17. a3 Nd5 18. Ne5 Qxe2 19. Bxe2 Rac8 20. Bf3 Rc2 21. Re2 Rxe2 22. Bxe2 Nf4 23. Bf3 Bxe5 24. dxe5 Rxd1+ 25. Bxd1 Nxg2 26. Bc1 Nh4 27. f4 Kf8 28. Kf2 Bd5 29. Bd2 a5 30. Be3 b5 31. Bb6 a4 32. bxa4 bxa4 33. Bxa4 Ng6 34.
Bc5+ Kg8 35. Ke3 Nh4 36. Bb5 Ng2+ 37. Kd4 Nxf4 38. a4 g5 39. a5 h5 40. a6 g4 41. Bd7 Ba8 42. Bc8 Nd5 43. Bb7 Nc7 44.
Bd6 Bxb7 45. axb7 Na6 46. b8=Q+ Nxb8 47. Bxb8 Kg7 48. Ke3 Kg6 49. Kf4 f6 50. exf6 Kxf6 51. Be5+ Kg6 52. Bd4 Kh6 53. Bf6 Kg6 54. Bh4 Kh6 55. Ke5 Kg6 56. Kxe6 Kg7 57. Kf5 Kh6 58. Kf6 1-0

[Event "*** SCC Grand Prix: Titled Tuesday Blitz"]
[Site "Chess.com"]
[Date "2020.10.13"]
[Round "4"]
[White "RaunakSadhwani2005"]
[Black "Revnov"]
[Result "1-0"]
[WhiteElo "2957"]
[BlackElo "2702"]
[TimeControl "180+1"]
[EndTime "10:39:24 PDT"]
[Termination "RaunakSadhwani2005 won on time"]

1. c4 e6 2. Nf3 d5 3. d4 c6 4. g3 f5 5. Bg2 Nf6 6. O-O Bd6 7. Na3 O-O 8. Nc2 Nbd7 9. Nce1 dxc4 10. a4 Nd5 11. a5 c5 12. Qa4 Rb8 13. Qxc4 b5 14.
axb6 N7xb6 15. Qc2 Nb4 16. Qd1 Ba6 17. Nc2 N6d5 18.
Ng5 Qc8 19. Nxb4 Nxb4 20. d5 e5 21. Ne6 Rf7 22. Bd2 Bb5 23. Bc3 a6 24. f4 exf4 25.
gxf4 Qd7 26. Rf3 Re8 27. Rg3 Bf8 28. e4 Bc4 29. b3 Rxe6 30. bxc4 Rxe4 31. Bxe4 fxe4 32.
Qg4 Qd6 33. f5 Nd3 34. Qxe4 Nf4 35. Be5 Re7 36. Re1 Qh6 37. d6 Re8 38. d7 1-0

[Event "*** SCC Grand Prix: Titled Tuesday Blitz"]
[Site "Chess.com"]
[Date "2020.10.13"]
[Round "4"]
[White "TC2304"]
[Black "mr65"]
[Result "1/2-1/2"]
[WhiteElo "2258"]
[BlackElo "2150"]
[TimeControl "180+1"]
[EndTime "10:39:24 PDT"]
[Termination "Game drawn by repetition"]

1. d4 Nf6 2. Bg5 d5 3. Nd2 e6 4. e4 h6 5. Bxf6 Qxf6 6. Ngf3 dxe4 7. Nxe4 Qd8 8. Bd3 Be7 9. Qe2 Nd7 10. h4 c6 11. g4 Nf6 12. Nxf6+ gxf6 13. O-O-O Qc7 14. Kb1 Bd7 15. g5 hxg5 16. hxg5 O-O-O 17. gxf6 Bxf6 18. Ne5 Bxe5 19. dxe5 c5 20. Rdg1 Bc6 21. Rxh8 Rxh8 22. f4 Rh1 23. Rxh1 Bxh1 24. Qh5 Bd5 25. Qh8+ Qd8 26. Qg7 Qd7 27. Qf8+ Kc7 28. Qxc5+ Kb8 29. a3 b6 30. Qf8+ Kb7 31. b3 a5 32. Kb2 Bf3 33. Qh6 Qd4+ 34. Ka2 Be4 35. Qg7 Bxd3 36. Qxf7+ Ka6 37.
cxd3 Qxd3 38. Qc7 Qd2+ 39. Kb1 Qxf4 40. Qc8+ Ka7 41. Qd7+ Ka6 42. Qxe6 Qf1+ 43. Kc2 Qe2+ 44. Kc3 Qe3+ 45. Kc4 Qe4+ 46. Kc3 Qe3+ 47. Kc2 Qe2+ 48. Kc3 Qe3+ 1/2-1/2

[Event "*** SCC Grand Prix: Titled Tuesday Blitz"]
[Site "Chess.com"]
[Date "2020.10.13"]
[Round "4"]
[White "annacramling"]
[Black "orestn"]
[Result "0-1"]
[WhiteElo "1981"]
[BlackElo "2310"]
[TimeControl "180+1"]
[EndTime "10:39:25 PDT"]
[Termination "orestn won by checkmate"]

1. d4 d5 2. c4 e6 3. Nc3 Nf6 4. cxd5 exd5 5. Bg5 c6 6. e3 Bf5 7. Qf3 Bg6 8. Bxf6 Qxf6 9. Qxf6 gxf6 10. h4 h5 11.
Nge2 Bd6 12. g3 Nd7 13. Bh3 Nb6 14. b3 Ba3 15. O-O Ke7 16. f4 Nc8 17. f5 Bh7 18. Rab1 Nd6 19. Na4 Bb4 20. Nc5 Rab8 21. Nd3 Bd2 22. Rf3 Rbe8 23. Rd1 Ba5 24. Nc5 Kf8 25.
g4 hxg4 26. Bxg4 Rg8 27. Rg3 Bxf5 28. Bxf5 Nxf5 29. Rxg8+ Kxg8 30. Nxb7 Bb6 31. Kf2 Nxh4 32. Rg1+ Kf8 33. Nc5 Nf5 34. Nd7+ Ke7 35. Nxb6 axb6 36.
Nf4 Rh8 37. Re1 Rh2+ 38. Ng2 Nd6 39. Kg3 Rh7 40. Kf4 Ke6 41. Rf1 Ne4 42. Kg4 Rg7+ 43. Kf3 Rg3+ 44. Ke2 Rxg2+ 45. Kd3 Rd2# 0-1

[Event "*** SCC Grand Prix: Titled Tuesday Blitz"]
[Site "Chess.com"]
[Date "2020.10.13"]
[Round "4"]
[White "BilodeauA"]
[Black "kuban1991"]
[Result "0-1"]
[WhiteElo "2909"]
[BlackElo "2817"]
[TimeControl "180+1"]
[EndTime "10:39:26 PDT"]
[Termination "kuban1991 won by resignation"]

1. e4 e6 2. d4 d5 3. Nd2 c5 4. exd5 exd5 5. Ngf3 Nc6 6. Bb5 Bd6 7. dxc5 Bxc5 8.
O-O Ne7 9. Nb3 Bb6 10. Nfd4 O-O 11. Bg5 Qd6 12. Bh4 Nxd4 13. Nxd4 Nc6 14. Nxc6 bxc6 15. Bg3 Qf6 16. Ba4 Re8 17. c3 Bf5 18. Qd2 h5 19. Rae1 h4 20. Bf4 Qg6 21. Bd1 Bd3 22. Rxe8+ Rxe8 23. Re1 Rxe1+ 24. Qxe1 Be4 25. g3 Qf5 26. Be2 g5 27. Bb8 Qc8 28. Be5 Qe6 29. Bd4 Bxd4 30. cxd4 Bf3 31. Qd2 Qxe2 32. Qxg5+ Kf8 33. Qd8+ Qe8 34.
Qd6+ Kg8 35. Qb4 Qe2 0-1

[Event "*** SCC Grand Prix: Titled Tuesday Blitz"]
[Site "Chess.com"]
[Date "2020.10.13"]
[Round "4"]
[White "shriyanasmallya"]
[Black "alexgo05"]
[Result "0-1"]
[WhiteElo "1612"]
[BlackElo "2447"]
[TimeControl "180+1"]
[EndTime "10:39:26 PDT"]
[Termination "alexgo05 won by resignation"]

1. e4 d6 2. d4 Nf6 3. Nc3 Nbd7 4. Nf3 e5 5. dxe5 dxe5 6. Bc4 Bb4 7. O-O O-O 8. Bd3 c6 9. Bg5 Qc7 10. a3 Be7 11. Bxf6 Nxf6 12. Qd2 Be6 13. Rad1 h6 14.
h3 Nh5 15. Nh2 Nf4 16. Ne2 Nxd3 17. cxd3 Rad8 18. Qe3 Bb3 19. Rc1 Bg5 20. f4 exf4 21. Nxf4 Bxf4 22. Qxf4 Qxf4 23. Rxf4 Rxd3 24. Ng4 Rd2 25. Rf2 Rfd8 26. Rc3 Be6 27. Ne3 Rxf2 28. Kxf2 Rd2+ 29. Kg3 Rxb2 30. h4 Rb3 31. Rxb3 Bxb3 32.
Kf4 Kf8 33. Ke5 Ke7 34. Kd4 Be6 35. g3 b6 36. a4 c5+ 37. Kc3 Kd6 38. Nc2 Ke5 39.
Kd3 Bd7 40. Na3 Bxa4 41. Nc4+ Ke6 42. Ne3 Bc6 43. Nf5 Kf6 44. Nd6 g6 45. Nc8 Ke5 46.
Nxa7 Bxe4+ 47. Ke3 f5 48. Nb5 g5 49. hxg5 hxg5 50.
Nc3 f4+ 51. gxf4+ gxf4+ 52. Ke2 Bc6 53. Nd1 b5 54. Nf2 c4 55. Kd2 b4 56. Kc2 Be4+ 57. Nxe4 Kxe4 58. Kd2 c3+ 59. Kc2 Ke3 60. Kd1 f3 61. Kc2 f2 62. Kb3 f1=Q 63. Kxb4 Qc1 64. Kc4 Qb2 65. Kc5 c2 66. Kd5 c1=Q 67. Kd6 Qb4+ 68.
Kd5 Qcc5+ 69. Ke6 Qbb6+ 70. Kd7 Qcc7+ 0-1

[Event "*** SCC Grand Prix: Titled Tuesday Blitz"]
[Site "Chess.com"]
[Date "2020.10.13"]
[Round "4"]
[White "katchesskat"]
[Black "Klavdia_Nik"]
[Result "1-0"]
[WhiteElo "2255"]
[BlackElo "2122"]
[TimeControl "180+1"]
[EndTime "10:39:27 PDT"]
[Termination "katchesskat won on time"]

1. c4 Nf6 2. Nc3 b6 3. e4 d6 4. d4 Bb7 5. f3 Nfd7 6. Nge2 g6 7.
Be3 Bg7 8. Qd2 h6 9. a3 c5 10. Nd5 Nc6 11. h4 Nf6 12. Ndf4 h5 13. d5 Ne5 14.
Nc3 a6 15. Nh3 O-O 16. Bh6 b5 17. Bxg7 Kxg7 18. cxb5 axb5 19. Bxb5 Qa5 20. O-O Ba6 21. Bxa6 Qxa6 22. Rab1 Rfb8 23. Qg5 Rb3 24. Ne2 Qxe2 25.
Rf2 Qe3 26. Nf4 Rab8 27. Rf1 Rxb2 28. Qg3 Rxf2 29. Rxf2 Qe1+ 30. Kh2 1-0

[Event "*** SCC Grand Prix: Titled Tuesday Blitz"]
[Site "Chess.com"]
[Date "2020.10.13"]
[Round "4"]
[White "IANOV0007"]
[Black "Gabrielian_Artur"]
[Result "0-1"]
[WhiteElo "2443"]
[BlackElo "2785"]
[TimeControl "180+1"]
[EndTime "10:39:28 PDT"]
[Termination "Gabrielian_Artur won by resignation"]

1. Nf3 Nf6 2. g3 g6 3. b3 Bg7 4.
Bb2 O-O 5. Bg2 d6 6. d4 b5 7.
a4 b4 8. O-O Bb7 9. Nbd2 a5 10.
Re1 Nfd7 11. Nc4 c5 12. e4 cxd4 13. Nxd4 Na6 14. Qd2 Nac5 15. Rad1 Rc8 16. Qe2 Ba6 17. Nb5 Bxb2 18. Nxb2 Rb8 19. f4 Bxb5 20. axb5 Qb6 21. Kh1 Qxb5 22. Qe3 Rfd8 23. e5 dxe5 24. fxe5 Ne6 25. Rd5 Qb6 26. Nc4 Qxe3 27. Rxe3 Ndc5 28. h4 a4 29. bxa4 Nxa4 30. Rb3 Rxd5 31. Bxd5 Nac5 32. Rb1 Nd4 33. Ne3 Ne2 34. Kg2 Nc3 35. Ra1 Rd8 36. Bc4 e6 37. Ra7 h5 38. g4 hxg4 39. Nxg4 Rd4 40.
Nf6+ Kg7 41. Ra8 Rxh4 42. Rg8+ Kh6 43. Be2 Nxe2 44. Kf3 Nd4+ 45. Kg3 Nf5+ 46. Kf3 Kg5 47. Rf8 Rf4+ 0-1

[Event "*** SCC Grand Prix: Titled Tuesday Blitz"]
[Site "Chess.com"]
[Date "2020.10.13"]
[Round "4"]
[White "Chesswizard_2007"]
[Black "GM_Levan_Pantsulaia"]
[Result "0-1"]
[WhiteElo "2566"]
[BlackElo "2807"]
[TimeControl "180+1"]
[EndTime "10:39:29 PDT"]
[Termination "GM_Levan_Pantsulaia won by checkmate"]

1. Na3 d5 2. Nf3 Nf6 3. e3 Bf5 4. c4 e6 5. b3 c5 6. Nc2 Nc6 7.
Be2 Be7 8. O-O O-O 9. Bb2 h6 10. cxd5 Nxd5 11. d3 Bf6 12. Bxf6 Qxf6 13. Qd2 Nc3 14.
Rfc1 Rfd8 15. Nce1 Nxe2+ 16. Qxe2 Rd7 17. h3 Rad8 18. e4 Bg6 19. Qe3 b6 20. Rd1 Nb4 21. Kh2 Nxd3 22. Nxd3 Rxd3 23. Rxd3 Rxd3 24. Qxd3 Qxa1 25.
a4 Kh7 26. h4 Qb2 27. g4 Qxf2+ 28. Kh3 f6 29. h5 Be8 30. e5+ f5 31. gxf5 Bxh5 32. Nh4 exf5 33. Qxf5+ Qxf5+ 34. Nxf5 Bf7 35. Nd6 Bxb3 36. a5 bxa5 37. Nb5 a4 38. Kg4 Kg6 39. Kf4 Kf7 40. Nxa7 a3 41. e6+ Bxe6 42. Nb5 a2 43. Nd6+ Kg8 44. Ne4 a1=Q 45. Nf2 Qd4+ 46. Kg3 Qe3+ 47.
Kg2 Bd5+ 48. Kg1 Qe1+ 49. Kh2 Qxf2+ 50. Kh3 Be6# 0-1

[Event "*** SCC Grand Prix: Titled Tuesday Blitz"]
[Site "Chess.com"]
[Date "2020.10.13"]
[Round "4"]
[White "shnitez"]
[Black "Srisshhhtea"]
[Result "1-0"]
[WhiteElo "2523"]
[BlackElo "2270"]
[TimeControl "180+1"]
[EndTime "10:39:29 PDT"]
[Termination "shnitez won on time"]

1. c4 Nf6 2. Nc3 e5 3. Nf3 Nc6 4. e3 g6 5. a3 a5 6. b3 Bg7 7. Bb2 d6 8. Qc2 Bf5 9. d3 Qd7 10. h3 d5 11. cxd5 Nxd5 12. Nxd5 Qxd5 13. e4 Qd6 14. exf5 gxf5 15. Be2 O-O-O 16. O-O-O Rhe8 17. Kb1 Qe7 18. Rhe1 Rd5 19. Rc1 Qd8 20. Red1 Bh6 21. Ka2 Bxc1 22. Rxc1 e4 23. dxe4 fxe4 24. Ne1 Rd2 25.
Qc4 Ne5 26. Qxe4 Nd7 27. Rxc7+ Kxc7 28. Qf4+ Rd6 29. Bf3 Nc5 30. Nc2 Kc8 31. Qc4 b6 32.
b4 1-0

[Event "*** SCC Grand Prix: Titled Tuesday Blitz"]
[Site "Chess.com"]
[Date "2020.10.13"]
[Round "4"]
[White "Eliwood44"]
[Black "OhanyanEminChess"]
[Result "1-0"]
[WhiteElo "2416"]
[BlackElo "2596"]
[TimeControl "180+1"]
[EndTime "10:39:30 PDT"]
[Termination "Eliwood44 won by resignation"]

1. d4 Nf6 2. Nf3 c5 3. d5 d6 4. Nc3 g6 5. e4 Bg7 6. a4 Nbd7 7. h3 O-O 8. Bc4 Rb8 9. O-O a6 10. Re1 Ne8 11. Bf4 Nc7 12. Qd3 b5 13. axb5 Nb6 14.
bxa6 Nxc4 15. Qxc4 Rxb2 16. a7 Ba6 17. Rxa6 Nxa6 18.
Na4 Rb4 19. Qxa6 Qc8 20. Qa5 Qd8 21. Qa6 Qc8 22. Nxc5 dxc5 23. Qxc8 Rxc8 24. Bb8 Rcxb8 25. axb8=Q+ Rxb8 26. e5 Kf8 27. c4 Rb4 28. Re4 Bh6 29. g3 Ke8 30. Kg2 Kd7 31. e6+ fxe6 32. dxe6+ Ke8 33.
Ne5 Bg7 34. Nd3 Rb6 35. Nxc5 Rc6 36. Nd3 Rd6 37. Nf4 Bh6 38. Nd5 Rc6 39. Rh4 Bf8 40. Rxh7 Rxc4 41. Rh8 Re4 42. Nf4 Rxe6 43. Nxe6 1-0

[Event "*** SCC Grand Prix: Titled Tuesday Blitz"]
[Site "Chess.com"]
[Date "2020.10.13"]
[Round "4"]
[White "esapunov"]
[Black "redbaron8888"]
[Result "0-1"]
[WhiteElo "2642"]
[BlackElo "2518"]
[TimeControl "180+1"]
[EndTime "10:39:31 PDT"]
[Termination "redbaron8888 won by resignation"]

1. c4 e6 2. Nf3 b6 3. g3 Bb7 4.
Bg2 g6 5. O-O Bg7 6. d4 Ne7 7.
Nc3 O-O 8. e4 d6 9. Re1 Nd7 10.
b3 a6 11. Bb2 e5 12. d5 Bc8 13. b4 h6 14. Nh4 f5 15. exf5 g5 16. Ng6 Rxf5 17.
Nxe7+ Qxe7 18. Qc2 Nf8 19. Ne4 Rf7 20. Bc3 Bf5 21.
a4 Nd7 22. Qd2 Raf8 23. a5 Bxe4 24. Bxe4 Rxf2 25. Qxf2 Rxf2 26. Kxf2 Nf6 27. Bf5 b5 28. cxb5 Nxd5 29. Bd2 e4 30. Ra3 Bd4+ 31. Kg2 e3 32. Bc1 Qe5 33. Bg4 Nxb4 34. bxa6 Nc2 35. Re2 Nxa3 36.
Bxa3 Qxa5 37. Bc1 Qxa6 38. Bxe3 Bxe3 39. Rxe3 Qb6 40. Kf3 Kf8 41. Bf5 d5 42. Re6 Qb3+ 43. Kg4 d4 44. Kh5 d3 45. Re3 d2 46. Bg4 Qxe3 0-1

[Event "*** SCC Grand Prix: Titled Tuesday Blitz"]
[Site "Chess.com"]
[Date "2020.10.13"]
[Round "4"]
[White "Sashadav97"]
[Black "BursaBBSatranc"]
[Result "1-0"]
[WhiteElo "2602"]
[BlackElo "2597"]
[TimeControl "180+1"]
[EndTime "10:39:32 PDT"]
[Termination "Sashadav97 won on time"]

1. d4 d5 2. c4 c6 3. Nf3 Nf6 4. Nc3 a6 5. a4 e6 6. Bf4 Be7 7. e3 O-O 8. cxd5 exd5 9. Bd3 Bg4 10. h3 Bh5 11. g4 Bg6 12. Ne5 Bxd3 13. Qxd3 a5 14. O-O Na6 15. Bg3 Nb4 16. Qe2 Re8 17. f3 Bd6 18. Rad1 Qc7 19. f4 Nd7 20. g5 Nf8 21. Kh1 Qe7 22. Qg4 Ne6 23. h4 Bxe5 24. dxe5 g6 25. f5 Nc5 26. e6 gxf5 27. exf7+ Qxf7 28. Rxf5 Qe7 29. g6 h6 30. Bf4 Ne4 31. Bxh6 Nc2 32. Rdf1 Nxc3 33. bxc3 Qe4+ 34. Qxe4 dxe4 35.
Rd1 1-0